 Dungeon Crawl Stone Soup version 0.23.2-1-ga50397a (webtiles) character file.

Game seed: 13617069492748056259

660 Borgoz the Slasher (level 7, -2/61 HPs)
             Began as a Hill Orc Gladiator on May 16, 2019.
             Was an Initiate of Ashenzari.
             Slain by Robin
             ... wielding a +1 short sword of electrocution
              (19 damage)
             ... on level 2 of the Dungeon.
             The game lasted 00:05:36 (3403 turns).

Borgoz the Slasher (Hill Orc Gladiator)             Turns: 3403, Time: 00:05:37

Health: -2/61      AC:  7    Str: 17    XL:     7   Next: 56%
Magic:  7/7        EV: 13    Int:  8    God:    Ashenzari [......]
Gold:   254        SH:  4    Dex: 14    Spells: 6/6 levels left

rFire    . . .     SeeInvis .   a - +0 long sword
rCold    + . .     Gourm    .   (no shield)
rNeg     . . .     Faith    .   l - +0 ring mail
rPois    .         Spirit   .   c - +0 helmet
rElec    .         Reflect  +   (no cloak)
rCorr    .         Harm     .   k - +0 pair of gloves
MR       .....                  (no boots)
Stlth    +.........             q - +4 amulet of reflection
HPRegen  0.20/turn              v - ring of protection from cold
MPRegen  0.10/turn              (no ring)

@: no status effects
A: no striking features
a: Curse Item, Renounce Religion


You were on level 2 of the Dungeon.
You worshipped Ashenzari.
Ashenzari was noncommittal.
You were hungry.

You visited 1 branch of the dungeon, and saw 5 of its levels.

You collected 254 gold pieces.

Inventory:

Hand Weapons
 a - a +0 long sword (weapon)
Missiles
 d - 2 throwing nets (quivered)
Armour
 c - a +0 helmet (worn)
 g - a +0 plate armour
 k - a +0 pair of gloves (worn)
 l - a +0 ring mail (worn)
Jewellery
 q - a +4 amulet of reflection (around neck)
 v - a ring of protection from cold (left hand)
Scrolls
 h - 3 scrolls of blinking
 i - 2 scrolls of identify {unknown}
 m - a scroll of amnesia {unknown}
 n - 3 scrolls of remove curse
 p - a scroll of fear {unknown}
 s - 3 scrolls of teleportation {unknown}
Potions
 b - a potion of magic {unknown}
 e - a potion of berserk rage {unknown}
 j - a potion of might {unknown}
 o - 2 potions of agility
 r - a potion of haste {unknown}
 t - a potion of heal wounds {unknown}
 u - a potion of curing {unknown}
 x - a potion of brilliance {unknown}
Comestibles
 f - 7 rations
 w - 2 chunks of flesh


   Skills:
 + Level 5.2 Fighting
 + Level 5.4 Long Blades
 + Level 4.0 Throwing
 + Level 4.1 Dodging


You had 6 spell levels left.
You didn't know any spells.
Your spell library contained the following spells:

 Spells                   Type           Power        Failure   Level  Hunger
 Sandblast                Erth           #.....       63%         1    ##.....
 Passwall                 Tmut/Erth      #.......     77%         2    ###....
 Stone Arrow              Conj/Erth      #.....       94%         3    ####...
 Petrify                  Tmut/Erth      #.......     100%        4    #####..
 Lee's Rapid Deconstruct  Erth           #.........   100%        5    ######.


Dungeon Overview and Level Annotations

Branches:
Dungeon (5/15)
 Temple: D:4-7

Altars:
Ashenzari
Fedhas
Nemelex Xobeh
Okawaru
Ru
Sif Muna
Vehumet

Annotations:
D:2 Robin


Message History

You closely miss Robin.
Robin is lightly wounded.
The hobgoblin hits you but does no damage.
Robin hits you but does no damage. The goblin hits you but does no damage.
Your ring mail prevents you from hitting Robin.
Robin is lightly wounded.
You block Robin's attack. The hobgoblin hits you with a +0 club.
The goblin hits you but does no damage.
You hit Robin but do no damage.
Robin is lightly wounded.
Robin says, "Duck!"
You block Robin's attack. The hobgoblin hits you with a +0 club.
You block the goblin's attack.
You slash Robin!
Robin is severely wounded.
Robin hits you with a +1 short sword of electrocution.
The hobgoblin hits you with a +0 club! The goblin hits you with a +0 club.
* * * LOW HITPOINT WARNING * * *
Robin hits you but does no damage.
You are electrocuted!!
You die...

#..............#..#[##..
#..............#..#.##..
#..............#..#.##..
###########+......#.##..
+.........'.< #
#....###.##.. ###.###
#..).....##..
......g###############..
.......@g...........##..
......g#######......)..#
....... #......)..#
....... #.........#
....... #.........#
....... #.........#
....... #.........#
....... ######รท####
#.......


You could see Robin, a hobgoblin and a goblin.

Vanquished Creatures
  A phantom (D:4)
  3 ogres
  A scorpion (D:5)
  An orc priest (D:5)
  A hound (D:4)
  2 worker ants (D:4)
  An iguana (D:5)
  5 adders
  4 dart slugs
  2 leopard geckos
  3 orcs (D:5)
  7 bats
  7 giant cockroaches
  10 hobgoblins
  7 jackals
  6 kobolds (D:1)
  A quokka (D:4)
  3 ball pythons
  4 frilled lizards
  A giant cockroach zombie (D:5)
  10 goblins
  2 leopard gecko skeletons
  4 rats
86 creatures vanquished.

Notes
Turn   | Place    | Note
-------+----------+-------------------------------------------
     0 | D:1      | Borgoz the Hill Orc Gladiator began the quest for the Orb.
     0 | D:1      | Reached XP level 1. HP: 18/18 MP: 1/1
    63 | D:1      | Reached XP level 2. HP: 20/25 MP: 2/2
   313 | D:1      | Reached XP level 3. HP: 28/30 MP: 3/3
   904 | D:2      | Noticed an ogre
   913 | D:3      | Reached XP level 4. HP: 27/38 MP: 4/4
  1318 | D:4      | Found a radiant altar of Vehumet.
  1320 | D:4      | Found a sacrificial altar of Ru.
  1321 | D:4      | Noticed an ogre
  1322 | D:4      | Found a blossoming altar of Fedhas.
  1324 | D:4      | HP: 1/38 [ogre/+0 giant club (25)]
  1328 | D:4      | Killed an ogre
  1328 | D:4      | Reached XP level 5. HP: 2/46 MP: 5/5
  1647 | D:4      | Found a shattered altar of Ashenzari.
  1648 | D:4      | Found an iron altar of Okawaru.
  1648 | D:4      | Found a sparkling altar of Nemelex Xobeh.
  1649 | D:4      | Found a deep blue altar of Sif Muna.
  1743 | D:4      | Became a worshipper of Ashenzari the Shackled
  2149 | D:4      | Reached XP level 6. HP: 42/52 MP: 6/6
  2292 | D:4      | Noticed a phantom
  2339 | D:4      | Killed a phantom
  2705 | D:4      | Reached skill level 5 in Long Blades
  2962 | D:5      | Entered Level 5 of the Dungeon
  2970 | D:5      | Reached XP level 7. HP: 52/60 MP: 7/7
  3079 | D:5      | Reached skill level 5 in Fighting
  3387 | D:2      | Noticed Robin
  3403 | D:2      | Slain by Robin

Skill      XL: |  1  2  3  4  5  6  7 |
---------------+----------------------+-----
Throwing       | 2 3 4 |  4.0
Fighting       | 3 4 5 |  5.2
Long Blades    | 4 5 |  5.4
Dodging        | 3 4 |  4.1

Action                   |  1- 3 |  4- 6 |  7- 9 || total
-------------------------+-------+-------+-------++-------
Melee: Long sword        |   112 |   114 |    80 ||   306
Throw: Throwing net      |       |     1 |       ||     1
  Use: Scroll            |     1 |       |       ||     1
 Stab: Held in net/web   |       |     1 |       ||     1
  Eat: Chunk             |       |     7 |     1 ||     8
Armor: Leather armour    |    41 |    21 |       ||    62
       Ring mail         |       |    14 |    39 ||    53
Dodge: Dodged            |    77 |    82 |    70 ||   229
Block: Other             |       |    12 |    33 ||    45
       Rpst.: Long sword |    21 |    28 |    20 ||    69
